 Dungeon Crawl Stone Soup version 0.28.0-45-g0d030f2227 (webtiles) character file.

Game seed: 15089016106889369907

1943 Descartes the Grappler (level 8, -1/74 HPs)
             Began as a Troll Delver on Apr 13, 2022.
             Was an Initiate of Gozag.
             Slain by a gnoll sergeant
             ... wielding a +0 halberd
              (11 damage)
             ... in a bailey.
             The game lasted 00:08:48 (5687 turns).

Descartes the Grappler (Troll Delver)               Turns: 5687, Time: 00:08:49

Health: -1/74      AC:  8    Str: 21    XL:     8   Next: 98%
Magic:  7/7        EV:  9    Int:  8    God:    Gozag
Gold:   657        SH:  0    Dex: 11    Spells: 7/7 levels left

rFire   . . .      SeeInvis +     - Unarmed
rCold   . . .      Faith    .   (no shield)
rNeg    . . .      Spirit   .   C - +2 robe {Will+}
rPois   +          Reflect  .   a - +1 hat
rElec   .          Harm     .   x - +0 cloak {rPois}
rCorr   .          Rampage  .   (gloves unavailable)
Will    +....                   (boots unavailable)
Stlth   ++........              (no amulet)
HPRegen 1.02/turn               h - ring of wizardry
MPRegen 0.10/turn               y - ring of see invisible

@: no status effects
A: large, unfitting armour, claws 3, regeneration 1, shaggy fur 1, tough skin 1
a: Renounce Religion, Potion Petition, Call Merchant, Bribe Branch


You were in a bailey.
You worshipped Gozag.
Gozag was pleased with you.
You visited 2 branches of the dungeon, and saw 8 of its levels.
You also visited: Bailey.

You collected 981 gold pieces.
You spent 317 gold pieces at shops.
You paid 7 gold pieces to Gozag.

Inventory:

Hand Weapons
 w - a +4 quarterstaff of chaos
Missiles
 m - 4 throwing nets (quivered)
 o - 107 stones
 s - 3 poisoned darts
 t - a boomerang
Armour
 a - a +1 hat (worn)
 x - a +0 cloak of poison resistance (worn)
 C - a +2 robe of willpower (worn)
Jewellery
 h - a ring of wizardry (left claw)
 y - a ring of see invisible (right claw)
Wands
 f - a wand of digging (5)
Scrolls
 b - 2 scrolls of fog
 c - 2 scrolls of magic mapping
 d - 3 scrolls of fear
 j - a scroll of silence
 k - 4 scrolls of teleportation
 n - 2 scrolls of noise
 r - a scroll of holy word {unknown}
 v - a scroll of acquirement
 B - a scroll of enchant armour {unknown}
 D - a scroll of blinking
Potions
 e - 2 potions of haste
 g - a potion of lignification {unknown}
 i - 6 potions of might
 l - a potion of attraction {unknown}
 q - 2 potions of degeneration
 u - 3 potions of curing
 z - a potion of flight {unknown}
 A - a potion of brilliance {unknown}


   Skills:
 - Level 2.4 Fighting
 - Level 1.5 Dodging
 - Level 2.7 Stealth
 + Level 8.5 Unarmed Combat
 + Level 6.2 Transmutations


You had 7 spell levels left.
You didn't know any spells.
Your spell library was empty.

Dungeon Overview and Level Annotations

Branches:
Dungeon (7/15)             Temple (1/1) D:5          Bailey (1/1)

Altars:
Ashenzari
Cheibriados
Dithmenos
Elyvilon
Gozag
Nemelex Xobeh
Qazlal
Trog
Vehumet
Wu Jian
Xom
Yredelemnul
Zin
The Shining One

Shops:
D:1 [([

Annotations:
D:7 1 transporter


Innate Abilities, Weirdness & Mutations

You are too large for most types of armour.
You have claws for hands.
Your natural rate of healing is unusually fast.
You are covered in fur. (AC +1)
You have tough skin. (AC +1)


Message History

You are too injured to fight recklessly!
You are too injured to fight recklessly!
You are too injured to fight recklessly!
You are too injured to fight recklessly!
You are too injured to fight recklessly!
You are too injured to fight recklessly!
You are too injured to fight recklessly!
You are too injured to fight recklessly!
You are too injured to fight recklessly!
You are too injured to fight recklessly!
You are too injured to fight recklessly!
You are too injured to fight recklessly!
You are too injured to fight recklessly!
You are too injured to fight recklessly!
You are too injured to fight recklessly!
You are too injured to fight recklessly!
You are too injured to fight recklessly!
The gnoll sergeant hits you from afar with a +0 halberd!
The gnoll shaman hits you from afar with a +0 trident!
* * * LOW HITPOINT WARNING * * *
The gnoll hits you with a +0 spear!
* * * LOW HITPOINT WARNING * * *
The gnoll shaman calls upon its god to speed up the gnoll sergeant.
The gnoll sergeant seems to speed up.
The gnoll hits you but does no damage.
There is an open door here.
The gnoll sergeant hits you from afar with a +0 halberd.
* * * LOW HITPOINT WARNING * * *
The gnoll sergeant closely misses you.
You feel better. The gnoll sergeant barely misses you.
The gnoll sergeant barely misses you.
There is an open gate here.
The gnoll sergeant hits you from afar with a +0 halberd!
* * * LOW HITPOINT WARNING * * *
The gnoll shaman calls upon its god to speed up the gnoll.
The gnoll seems to speed up.
The gnoll sergeant hits you from afar with a +0 halberd.
* * * LOW HITPOINT WARNING * * *
The gnoll sergeant hits you from afar with a +0 halberd!
You die...
Your body crumbles into a pile of gold.

#.......# #..$..#
##...## ♣ ##'## ≈♣
#...# ≈♣ #...# #≈♣
≈. #...# .≈♣
≈.######'''######.≈♣
≈..........gg.g.@.≈♣
≈≈...............≈≈♣
♣≈≈≈≈≈≈≈)..≈≈≈≈≈≈≈♣♣
♣.......).......♣♣
♣♣♣...........♣♣♣
♣♣♣♣.......♣♣
♣♣.∩.♣♣♣♣ ♣♣.♣♣ ♣.♣


You could see a gnoll sergeant (fast), a gnoll shaman and a gnoll (fast).

Vanquished Creatures
  An orc warrior (D:6)
  A water moccasin (D:5)
  3 ice beasts
  A black bear (D:5)
  A sky beast (D:3)
  A centaur (D:6)
  A phantom (D:5)
  A bullfrog (D:6)
  2 scorpions
  A bullfrog zombie (D:5)
  3 jellies
  2 orc priests (D:6)
  A gnoll shaman (D:6)
  3 hounds
  Crazy Yiuf (D:2)
  A scorpion zombie (D:5)
  4 iguanas
  3 orc wizards
  A killer bee zombie (D:5)
  2 hound skeletons (D:5)
  A howler monkey zombie (D:6)
  10 gnolls
  12 adders
  A white imp (D:6)
  An ufetubus (D:5)
  2 dart slugs (D:4)
  16 orcs
  8 bats
  8 endoplasms
  7 giant cockroaches
  13 goblins
  7 hobgoblins
  16 jackals
  9 kobolds
  4 quokkas
  7 ball pythons
  2 frilled lizards
  7 rats
  A spectral orc (D:3)
166 creatures vanquished.

Notes
Turn   | Place    | Note
-------+----------+-------------------------------------------
     0 | D:5      | Descartes the Troll Delver began the quest for the Orb.
     0 | D:5      | Reached XP level 1. HP: 22/22 MP: 0/0
    24 | D:5      | Reached skill level 1 in Transmutations
    24 | D:5      | Reached XP level 2. HP: 20/29 MP: 1/1
    47 | D:5      | Reached skill level 3 in Unarmed Combat
    47 | D:5      | Reached XP level 3. HP: 36/36 MP: 2/2
    82 | D:5      | Reached XP level 4. HP: 36/44 MP: 3/3
   148 | D:5      | Reached XP level 5. HP: 42/50 MP: 4/4
   158 | D:5      | Noticed an ice beast
   163 | D:5      | Reached skill level 4 in Unarmed Combat
   189 | D:5      | Killed an ice beast
   190 | D:5      | Reached XP level 6. HP: 42/59 MP: 5/5
   305 | D:5      | Noticed a water moccasin
   313 | D:5      | Reached skill level 5 in Unarmed Combat
   316 | D:5      | Killed a water moccasin
   350 | D:5      | Reached XP level 7. HP: 49/66 MP: 6/6
   786 | D:5      | Found a staircase to the Ecumenical Temple.
   793 | D:5      | Reached skill level 6 in Unarmed Combat
   814 | Temple   | Entered the Ecumenical Temple
  1135 | Temple   | Became a worshipper of Gozag Ym Sagoz the Greedy
  2213 | D:3      | Reached XP level 8. HP: 70/74 MP: 7/7
  2320 | D:3      | Found a basalt altar of Yredelemnul.
  2655 | D:3      | Reached skill level 7 in Unarmed Combat
  2655 | D:3      | Reached skill level 5 in Transmutations
  2996 | D:3      | Found a radiant altar of Vehumet.
  3696 | D:2      | Found a runed translucent door.
  3697 | D:2      | Noticed Crazy Yiuf
  3708 | D:2      | Killed Crazy Yiuf
  3888 | D:1      | Found Wioth's Weapon Shop.
  3957 | D:1      | Found Ciqyenaqe's Armour Shoppe.
  4096 | D:1      | Found a faded altar of an unknown god.
  4426 | D:1      | Found Xaleebulel's Antique Armour Shoppe.
  4644 | D:1      | Bought a +2 robe of willpower for 212 gold pieces
  4713 | D:1      | Bought an embroidered hat for 105 gold pieces
  5155 | D:6      | Identified a scroll of acquirement
  5263 | D:6      | Reached skill level 8 in Unarmed Combat
  5512 | D:7      | Found a transporter.
  5570 | D:7      | Found a flagged portal.
  5583 | Bailey   | Entered a bailey
  5687 | Bailey   | Slain by a gnoll sergeant

Illustrated notes

Levels and vault maps discovered:
D:1:      shiori_arrival_elements, layout_loops_ring,
          dreamdust_ecumenical_altar_angels_and_demons, serial_shops,
          shop_statue, shop, shop, minmay_domino_4
D:2:      layout_rooms, uniq_crazy_yiuf_cottage
D:3:      minmay_octagon_keep, layout_basic, nicolae_overflow_crystal_walls,
          yredelemnul_forgotten_temple_becter
D:4:      layout_loops_cross
D:5:      layout_loops_cross, temple_hall
D:6:      layout_basic
D:7:      layout_basic, grunt_temple_overflow_open, enter_bailey_5,
          gammafunk_ghost_abyssal_escape
Temple:   hc_temple_tempest_star
Bailey:   bailey_polearm_gnolls_kennysheep, bailey

Skill      XL: |  1  2  3  4  5  6  7  8 |
---------------+-------------------------+-----
Transmutations | 1 2 3 4 6 |  6.2
Unarmed Combat | 3 4 5 6 8 |  8.5
Fighting       | |  2.4
Dodging        | |  1.5
Stealth        | |  2.7

Action                   |  1- 3 |  4- 6 |  7- 9 || total
-------------------------+-------+-------+-------++-------
Melee: Unarmed           |    26 |    39 |   452 ||   517
       Punch             |       |       |    11 ||    11
  Use: Scroll            |       |       |     8 ||     8
       Potion            |       |       |     1 ||     1
 Stab: Sleeping          |       |     1 |    12 ||    13
       Distracted        |       |       |     1 ||     1
Armor: Robe              |     6 |     9 |   159 ||   174
Dodge: Dodged            |    13 |    11 |   195 ||   219
